 Dungeon Crawl Stone Soup version 0.27.0-1-g7a089689b8 (webtiles) character file.

Game seed: 6242112468090594901

448 kobby the Shooter (level 7, -3/52 HPs)
             Began as a Human Hunter on Aug 9, 2021.
             Slain by a scorpion (5 damage)
             ... on level 5 of the Dungeon.
             The game lasted 00:16:22 (4566 turns).

kobby the Shooter (Human Hunter)                    Turns: 4566, Time: 00:16:30

Health: -3/52      AC:  4    Str: 13    XL:     7   Next: 24%
Magic:  8/8        EV: 12    Int: 12    God:
Gold:   253        SH:  0    Dex: 14    Spells: 7/8 levels left

rFire    . . .     SeeInvis .   a - +2 shortbow
rCold    . . .     Faith    .   (shield currently unavailable)
rNeg     . . .     Spirit   .   c - +1 leather armour
rPois    .         Reflect  .   (no helmet)
rElec    .         Harm     .   (no cloak)
rCorr    .         Rampage  .   (no gloves)
Will     .....                  (no boots)
Stlth    +.........             (no amulet)
HPRegen  0.17/turn              (no ring)
MPRegen  0.11/turn              (no ring)

@: confused, lethally poisoned (-3 -> -29), ambrosia-drunk, very slightly
contaminated
A: no striking features
a: no special abilities


You were on level 5 of the Dungeon.
You visited 1 branch of the dungeon, and saw 5 of its levels.

You collected 253 gold pieces.

Inventory:

Hand Weapons
 a - a +2 shortbow (weapon)
 b - a +0 short sword
Missiles
 d - 3 arrows (quivered ammo)
Armour
 c - a +1 leather armour (worn)
Wands
 k - a wand of iceblast (10)
Scrolls
 f - 2 scrolls of amnesia
Potions
 i - 2 potions of attraction {unknown}


   Skills:
 + Level 3.1 Fighting
 + Level 0.1 Short Blades
 + Level 5.9 Bows
 + Level 2.0 Armour
 + Level 2.5 Dodging
 + Level 1.7 Stealth
 + Level 1.3 Spellcasting
 + Level 1.1 Conjurations
 + Level 1.1 Fire Magic
 * Level 2.0 Evocations


You had 7 spell levels left.
You knew the following spells:

 Your Spells              Type           Power      Damage    Failure   Level
a - Foxfire               Conj/Fire      12%        2x1d4     24%         1

Your spell library contained the following spells:

 Spells                   Type           Power      Damage    Failure   Level
 Corpse Rot               Necr/Air       N/A        N/A       50%         2
 Poisonous Vapours        Pois/Air       0%         N/A       50%         2
 Conjure Flame            Conj/Fire      3%         6-21      56%         3
 Inner Flame              Hex/Fire       2%         N/A       65%         3
 Ozocubu's Armour         Ice            0%         N/A       75%         3
 Freezing Cloud           Conj/Ice/Air   0%         6-21      100%        5
 Ozocubu's Refrigeration  Ice            0%         4d5       100%        7


Dungeon Overview and Level Annotations

Branches:
Dungeon (5/15)
 Temple: D:4-7

Altars:
Fedhas
Nemelex Xobeh


Message History

The scorpion is almost dead.
You feel sick. The scorpion stings you.
The scorpion stings you but does no damage.
Casting: Foxfire (safe; 24% risk of failure)
Confirm with . or Enter, or press ? or * to list all spells.
You conjure some foxfire!
You feel sick. The scorpion stings you.
You are more poisoned.
The scorpion poisons you!
You feel very sick.
The foxfire hits the scorpion but does no damage.
The scorpion is almost dead.
The foxfire hits the scorpion but does no damage.
The scorpion is almost dead.
There is an open door here.
Casting: Foxfire (safe; 24% risk of failure)
Confirm with . or Enter, or press ? or * to list all spells.
You miscast Foxfire.
You are very lightly contaminated with residual magic.
Nothing appears to happen.
You feel very sick. The scorpion stings you.
* * * LOW HITPOINT WARNING * * *
You are lethally poisoned!
The scorpion poisons you!
Casting: Foxfire (safe; 24% risk of failure)
Confirm with . or Enter, or press ? or * to list all spells.
You miscast Foxfire.
Nothing appears to happen.
* * * LOW HITPOINT WARNING * * *
You feel very sick. The scorpion stings you.
* * * LOW HITPOINT WARNING * * *
You are more poisoned.
The scorpion poisons you!
It was a potion of ambrosia.
You are confused.
You feel invigorated.
* * * LOW HITPOINT WARNING * * *
You feel extremely sick. The scorpion stings you.
You die...

...# ...# ....... ...#
....... ###### ...# [ ......
#....##...##.( #....#
#....#........ #....#
#....#........ #....#
#....@s(.....( #....#
#######....###..#### #....#
.........### +# #.....
.........# #..... .........#
#†.... .........# #.....
.......†.#######+######)....
...................(.....#'#
.........................#..


You could see a scorpion.

Vanquished Creatures
  A black bear (D:4)
  A centaur (D:5)
  A phantom (D:3)
  A howler monkey (D:5)
  A hound (D:2)
  5 adders
  An adder skeleton (D:4)
  A worm (D:5)
  4 dart slugs (D:3)
  An orc (D:5)
  2 ball pythons
  5 endoplasms
  3 giant cockroaches
  7 goblins
  8 hobgoblins
  9 jackals
  3 quokkas
  5 bats
  A frilled lizard (D:1)
  9 kobolds
  5 rats
  A foxfire (D:4)
75 creatures vanquished.

Vanquished Creatures (others)
  71 foxfires
  2 fungi (D:4)
  4 toadstools (D:4)
77 creatures vanquished.

Grand Total: 152 creatures vanquished

Notes
Turn   | Place    | Note
-------+----------+-------------------------------------------
     0 | D:1      | kobby the Human Hunter began the quest for the Orb.
     0 | D:1      | Reached XP level 1. HP: 16/16 MP: 1/1
   432 | D:1      | Reached XP level 2. HP: 22/22 MP: 2/2
   929 | D:1      | Reached XP level 3. HP: 27/27 MP: 3/3
  1160 | D:2      | Reached skill level 5 in Bows
  1160 | D:2      | Reached skill level 1 in Armour
  1160 | D:2      | Reached XP level 4. HP: 14/33 MP: 4/4
  1356 | D:2      | Found a faded altar of an unknown god.
  1383 | D:2      | Learned a level 1 spell: Foxfire
  1619 | D:2      | Found a sparkling altar of Nemelex Xobeh.
  2237 | D:3      | Reached XP level 5. HP: 39/39 MP: 5/5
  2374 | D:3      | Found a blossoming altar of Fedhas.
  3414 | D:4      | Noticed a phantom
  3439 | D:3      | Killed a phantom
  3440 | D:3      | Reached skill level 1 in Evocations
  3440 | D:3      | Reached XP level 6. HP: 22/46 MP: 0/7
  3723 | D:4      | Noticed a black bear
  3739 | D:4      | Killed a black bear
  3740 | D:4      | Reached skill level 1 in Spellcasting
  4030 | D:5      | Entered Level 5 of the Dungeon
  4221 | D:5      | Reached skill level 1 in Conjurations
  4221 | D:5      | Reached skill level 1 in Fire Magic
  4221 | D:5      | Reached XP level 7. HP: 19/52 MP: 8/8
  4566 | D:5      | HP: 2/52 [poisoned by a scorpion]
  4566 | D:5      | Slain by a scorpion

Illustrated notes

Levels and vault maps discovered:
D:1:      dpeg_arrival_arbitrary_c, layout_loops_corners
D:2:      layout_loops_ring, hellmonk_ecumenical_altar_blasted, basic_altar
D:3:      layout_basic, lemuel_coloured_pillars_altar
D:4:      layout_rooms, nzn_overflow_gifts_of_might_and_magic, minitemple,
          mainiacjoe_overflow_surrounded_room, minmay_gold_behind_fungi
D:5:      cheibrodos_quashed, layout_gridville, vehumet_statue, kennysheep_mini,
          uniq_crazy_yiuf_cottage

Skill      XL: |  1  2  3  4  5  6  7 |
---------------+----------------------+-----
Bows           | 5 |  5.9
Armour         | 1 2 |  2.0
Evocations     | 1 2 |  2.0
Spellcasting   | 1 |  1.3
Fighting       | 3 |  3.1
Conjurations   | 1 |  1.1
Fire Magic     | 1 |  1.1
Short Blades   | |  0.1
Dodging        | |  2.5
Stealth        | |  1.7

Action                   |  1- 3 |  4- 6 |  7- 9 || total
-------------------------+-------+-------+-------++-------
Melee: Short sword       |       |    17 |       ||    17
 Fire: Shortbow          |    71 |    73 |    23 ||   167
 Cast: Foxfire           |       |    45 |     4 ||    49
  Use: Scroll            |     2 |     5 |       ||     7
       Potion            |       |     3 |     1 ||     4
Armor: Leather armour    |     7 |    30 |     4 ||    41
Dodge: Dodged            |    19 |    79 |     7 ||   105
